AoeStats
← Leo31

Arabia

510198987Analyzed
2v2 RM · 1d ago on Sep 29, 2026· 52m 46s· 4 players
Game mode
Random Map
Map size
Medium (4 player)
Population
200
Speed
Normal
Resources
Standard
Victory
Conquest
Starting age
Dark Age
Ending age
Imperial Age
RankedLock teamsTeams togetherTeam positionsShared explorationLock speedFull tech treeHidden civsTurbo modeCheats
Victory
Defeat
🇨🇴 Britons · Colombia
1324
+15
🇨🇴 Persians · Colombia
1323
+15
🇨🇦 Armenians · Canada
1334
-16
🇲🇽 Britons · Mexico
1283
-14
RESuS
6:16 Loom
9:20 Feudal Age
9:57 Double-Bit Axe
14:31 Fletching
15:58 Padded Archer Armor
21:15 Castle Age
21:18 Crossbowman
21:54 Bodkin Arrow
22:15 Gold Mining
22:06 Horse Collar
24:26 Bow Saw
27:36 Leather Archer Armor
32:12 Ballistics
36:44 Imperial Age
37:33 Bracer
39:43 Ring Archer Armor
38:54 Arbalester
41:10 Chemistry
39:56 Pikeman
40:53 Squires
40:38 Halberdier
41:30 Scale Mail Armor
42:38 Chain Mail Armor
48:51 Plate Mail Armor
48:51 Forging
Steve the Ishvalan
4:44 Loom
10:18 Feudal Age
10:59 Double-Bit Axe
10:57 Horse Collar
14:02 Horse Collar
17:06 Forging
17:59 Scale Barding Armor
25:05 Castle Age
29:01 Bow Saw
33:58 Fletching
37:41 Imperial Age
35:50 Bodkin Arrow
38:32 Bracer
42:52 Padded Archer Armor
45:48 Leather Archer Armor
47:32 Ballistics
eiage12
5:58 Loom
9:11 Feudal Age
9:47 Double-Bit Axe
12:24 Fletching
12:41 Horse Collar
17:37 Padded Archer Armor
25:16 Castle Age
25:20 Crossbowman
26:46 Leather Archer Armor
26:37 Bodkin Arrow
26:05 Elite Skirmisher
32:54 Ballistics
37:30 Bow Saw
39:01 Wheelbarrow
39:44 Heavy Plow
46:07 Imperial Age
50:03 Imperial Age
50:01 Hand Cart
50:08 Town Watch
50:46 Bracer
51:50 Chemistry
51:20 Stone Mining
51:21 Gold Mining
Leo31
3:37 Loom
5:59 Loom
8:21 Feudal Age
8:53 Double-Bit Axe
12:19 Town Watch
12:17 Horse Collar
14:03 Wheelbarrow
16:25 Forging
17:35 Scale Barding Armor
23:08 Castle Age
22:00 Fletching
22:19 Gold Mining
23:39 Bloodlines
23:52 Husbandry
24:32 Iron Casting
23:19 Light Cavalry
27:18 Chain Barding Armor
30:23 Town Patrol
30:53 Hand Cart
36:47 Imperial Age
36:21 Gold Shaft Mining
37:38 Plate Barding Armor
38:27 Blast Furnace
37:06 Cavalier
38:43 Stone Mining
39:05 Hussar
40:31 Bodkin Arrow
42:08 Savar
45:09 Conscription
Connection lost

Rejoining the realm…

Still unreachable

The connection could not be restored.

Session expired

The server has moved on; the page needs a fresh start.